 Dungeon Crawl Stone Soup version 0.30.1-11-g7821555f0a (webtiles) character file.

Game seed: 18212506133068667347

170 comborobin the Chopper (level 5, 0/45 HPs)
             Began as a Hill Orc Delver on Dec 18, 2023.
             Succumbed to a scorpion's poison
             ... on level 5 of the Dungeon.
             The game lasted 00:01:23 (1266 turns).

comborobin the Chopper (Hill Orc Delver)            Turns: 1266, Time: 00:01:24

Health: 0/45       AC:  5    Str: 16      XL:     5   Next: 50%
Magic:  5/5        EV: 10    Int: 12 (14) God:
Gold:   60         SH:  0    Dex:  9 (11) Spells: 4/4 levels left

rFire   . . .        a - +0 hand axe
rCold   . . .        (no shield)
rNeg    . . .        h - +0 ring mail
rPois   .            (no helmet)
rElec   .            (no cloak)
rCorr   .            (no gloves)
SInv    .            (no boots)
Will    .....        (no amulet)
Stlth   ++           (no ring)
HPRegen 0.27/turn    (no ring)
MPRegen 0.09/turn

%: no passive effects
@: lethally poisoned (0 -> -5)
A: talons 1, clever 1, inability to read after injury 1, devolution 1
a: no special abilities


You were on level 5 of the Dungeon.
You visited 1 branch of the dungeon, and saw 5 of its levels.

You collected 60 gold pieces.

Inventory:

Hand Weapons
 a - a +0 hand axe (weapon)
Armour
 b - a +0 leather armour
 h - a +0 ring mail (worn)
Wands
 d - a wand of flame (19)
 g - a wand of digging (3)
Scrolls
 c - a scroll of fog
 e - a scroll of fear
 i - 2 scrolls of identify {unknown}
 l - a scroll of silence {unknown}
 n - a scroll of vulnerability {unknown}


   Skills:
 - Level 3.6 Fighting
 * Level 6.3 Axes
 + Level 2.8 Armour
 - Level 1.5 Dodging
 - Level 4.1 Stealth


You had 4 spell levels left.
You didn't know any spells.
Your spell library contained the following spells:

 Spells                   Type           Power      Damage    Failure   Level
 Sublimation of Blood     Necr           0%         N/A       67%         2
 Wereblood                Tmut           0%         N/A       67%         2
 Dazzling Flash           Conj/Hex       0%         N/A       88%         3
 Summon Lightning Spire   Summ/Air       0%         N/A       99%         4
 Agony                    Necr           0%         N/A       100%        5
 Iskenderun's Battlesphe  Conj           0%         2d6       100%        5
 Silence                  Hex/Air        0%         N/A       100%        5
 Iron Shot                Conj/Erth      0%         9d1       100%        6
 Spellforged Servitor     Conj/Summ      0%         N/A       100%        7
 Storm Form               Tmut/Air       0%         N/A       100%        7
 Summon Hydra             Summ           0%         N/A       100%        7
 Maxwell's Capacitive Co  Air            0%         ∞         100%        8


Dungeon Overview and Level Annotations

Branches:
Dungeon (6/15)
 Temple: D:4-7

Altars:
Hepliaklqana

Shops:
D:4 *


Innate Abilities, Weirdness & Mutations

You have sharp toenails.
Your mind is acute. (Int +4, Str/Dex -1)
You occasionally lose the ability to read scrolls when taking damage.
You have hidden genetic defects.


Message History

You claw the scorpion, but do no damage.
The scorpion is moderately wounded.
You feel sick. The scorpion stings you!
* * * LOW HITPOINT WARNING * * *
You are lethally poisoned!
The scorpion poisons you!
You closely miss the scorpion. You claw the scorpion.
The scorpion is heavily wounded.
* * * LOW HITPOINT WARNING * * *
You feel very sick. The scorpion barely misses you.
Unknown command.
You barely miss the scorpion.
The scorpion is heavily wounded.
* * * LOW HITPOINT WARNING * * *
You feel very sick. The scorpion barely misses you.
The scorpion closely misses you.
Unknown command.
You hit the scorpion. Your kick misses the scorpion.
The scorpion is severely wounded.
* * * LOW HITPOINT WARNING * * *
You feel sick. The scorpion closely misses you.
You aren't carrying any potions.
Unknown command.
You cannot read scrolls in your current state!
Unknown command.
You hit the scorpion but do no damage.
The scorpion is severely wounded.
You can read scrolls again.
* * * LOW HITPOINT WARNING * * *
You feel sick. The scorpion barely misses you.
You hit the scorpion but do no damage. Your kick misses the scorpion.
The scorpion is severely wounded.
* * * LOW HITPOINT WARNING * * *
You feel sick.
The scorpion stings you but does no damage.
You hit the scorpion.
You claw the scorpion, but do no damage.
The scorpion is severely wounded.
You die...

.##.....#.#.##.....
...................
#........#........
#......#.#........
#.#....#.#.†......
.######.###.............
........................
.#.......##.........##..
.......@................
......s..##............. .. ...
[........##.............
..####.##.#.......##..###+###....
......................# ....
..............##..#...#
..............##..#.
....g.............. .
................


You could see a scorpion.

Vanquished Creatures
  A black bear (D:5)
  A hound (D:4)
  An orc wizard (D:4)
  A worm (D:4)
  4 orcs (D:4)
  2 endoplasms (D:4)
  A goblin (D:4)
  A quokka (D:2)
  4 ball pythons (D:4)
  A kobold (D:4)
  A rat (D:3)
18 creatures vanquished.

Notes
Turn   | Place    | Note
-------+----------+-------------------------------------------
     0 | D:5      | comborobin the Hill Orc Delver began the quest for the Orb.
     0 | D:5      | Reached XP level 1. HP: 19/19 MP: 1/1
    68 | D:4      | Reached skill level 3 in Axes
   299 | D:5      | Noticed a scorpion
   364 | D:4      | Reached XP level 2. HP: 18/26 MP: 2/2
   440 | D:4      | Found a hazy altar of Hepliaklqana.
   532 | D:4      | Reached skill level 4 in Axes
   532 | D:4      | Reached skill level 1 in Armour
   532 | D:4      | Reached XP level 3. HP: 17/31 MP: 3/3
   697 | D:4      | Found Adwyemn Zema's Overcharged Wands.
   830 | D:4      | Reached skill level 5 in Axes
   830 | D:4      | Reached XP level 4. HP: 27/39 MP: 4/4
  1075 | D:5      | Noticed a black bear
  1082 | D:5      | Gained mutation: You have hidden genetic defects. [potion
                  | of mutation]
  1082 | D:5      | Gained mutation: Your mind is acute. (Int +4, Str/Dex -1)
                  | [potion of mutation]
  1082 | D:5      | Gained mutation: You have sharp toenails. [potion of
                  | mutation]
  1099 | D:5      | Killed a black bear
  1100 | D:5      | Reached skill level 6 in Axes
  1100 | D:5      | Reached XP level 5. HP: 9/45 MP: 5/5
  1107 | D:5      | Gained mutation: You occasionally lose the ability to read
                  | scrolls when taking damage. [hidden defects]
  1264 | D:5      | HP: 2/45 [poisoned by a scorpion]
  1266 | D:5      | Succumbed to a scorpion's poison

Illustrated notes

Levels and vault maps discovered:
D:2:      layout_basic, minmay_cupped
D:3:      layout_loops_ring, zin_scriptorium, serial_shops, shop,
          minmay_ogre_servants
D:4:      layout_basic, nzn_hepliaklqana_mist_gate, serial_glass,
          glass_columns_c, glass_columns_a, due_unseen_surprise,
          feat_on_display, nicolae_shop_overcharged_wands
D:5:      layout_basic, minmay_temple_entry_hall
D:6:      layout_loops_corners, mainiacjoe_overflow_six_doors_small

Skill      XL: |  1  2  3  4 |
---------------+-------------+-----
Axes           | 3 4 5 6 |  6.3
Armour         | 1 2 |  2.8
Fighting       | |  3.6
Dodging        | |  1.5
Stealth        | |  4.1

Action                     |  1- 3 |  4- 6 || total
---------------------------+-------+-------++-------
  Melee: Hand axe          |    51 |    44 ||    95
         Kick              |       |     8 ||     8
    Use: Scroll            |     1 |       ||     1
         Potion            |       |     4 ||     4
   Stab: Sleeping          |     4 |       ||     4
 Armour: Ring mail         |    20 |    18 ||    38
         Leather armour    |     1 |       ||     1
  Dodge: Dodged            |    32 |    29 ||    61
